Unix NetHack Version 5.0.0-0 post-release - last build May 31 2026 23:59:36 (970b52f25bf058293b47ddfd14a1e40e571c508c,branch:main).

Game began 2026-06-01 00:04:13, ended 2026-06-02 17:22:42.

Jera, neutral female human Barbarian

                                      B
                                 A          AA


             A @                     T @ B                     @AE
                                 A
              @A          @                  @          @      AA    A
              A        A   @ @   A           O    D     @           @
              @  A  @                 @@    @@    @          A  @
          @   B@      @ &A              @A         @   A     @ @@
                          @                        & @  A
              @                      A                          A
           A A          m           @        -------              @
                                          @  |.'....D@
                  | AE     A   q         A  --......
                  |.                       --AA..A..
                   ..AA.A A       A    @----qAA.....
                   ...     u    AA     .@&@0H.A.... A   @
                                       -----------
Jera the Raider            St:18/11 Dx:17 Co:18 In:9 Wi:13 Ch:8  Neutral
Astral Plane $:0  HP:0(232) Pw:34(35) AC:-14 Xp:15/217944 T:33478  TermIll

Latest messages:
 "Thinkest thou it shall tickle as I rip out thy lungs?"
 An Olog-hai suddenly appears!
 In what direction? 7
 As you kick the door, it crashes open!
 Pestilence moves the priestess of Moloch out of the way!
 You hear a mumbled curse.
 What do you want to zap? [jnrNTXY or ?*] ?
 In what direction? 7
 The death ray misses Pestilence.
 You hear a mumbled curse.
 Famine moves the priest of Moloch out of the way!
 Pestilence reaches out, and you feel fever and chills.
 You feel deathly sick.
 [HP -32, 141 left]
 Pestilence touches you!
 [HP -24, 117 left]
 What do you want to use or apply? [acdfjmnqrvzDJMNQTXY or ?*] z
 You feel cured.  What a relief!
 You hear a mumbled curse.
 You hear a mumbled curse.
 Pestilence picks up a scroll of create monster.
 What do you want to zap? [jnrNTXY or ?*] n
 In what direction? 4
 The death ray misses Pestilence.
 The death ray hits the Angel of Moloch.
 You hear a door open.
 Pestilence reaches out, and you feel fever and chills.
 You feel deathly sick.
 [HP -27, 92 left]
 Pestilence touches you!
 [HP -26, 66 left]
 A crossbow bolt misses you.
 You hear a mumbled curse.
 What do you want to zap? [jnrNTXY or ?*] n
 Nothing happens.
 Pestilence reaches out, and you feel fever and chills.
 You feel much worse.
 [HP -28, 38 left]
 Pestilence touches you!
 [HP -20, 18 left]
 What do you want to zap? [jnrNTXY or ?*] ?
 Never mind.
 R - an uncursed amulet of reflection (being worn).
 What do you want to zap? [jnrNTXY or ?*] ?
 Nothing happens.
 Pestilence reaches out, and you feel fever and chills.
 You feel much worse.
 [HP -28, -10 left]
 You die...
 Do you want your possessions identified? [ynq] (y) q

Inventory:
 Amulets  ('"')
  V - an uncursed amulet of life saving
  A - an uncursed amulet of magical breathing
  R - an uncursed amulet of reflection (being worn)
  I - the uncursed Amulet of Yendor named yay
 Weapons  (')')
  g - an uncursed +6 aklys (alternate weapon; not wielded)
  a - the uncursed rustproof +6 Cleaver
 Wands    ('/')
  Y - an uncursed wand of cancellation (0:4)
  j - an uncursed wand of death (0:0)
  n - an uncursed wand of death (1:0)
  X - a blessed wand of teleportation (0:1)
  r - an uncursed wand of teleportation (0:7)
  T - an uncursed wand of teleportation (0:0)
  N - an uncursed wand of wishing (1:0)
 Rings    ('=')
  o - an uncursed ring of conflict (on left hand)
  k - an uncursed ring of free action (on right hand)
  Z - an uncursed ring of regeneration
  S - an uncursed ring of shock resistance
  p - an uncursed ring of slow digestion
 Tools    ('(')
  d - a blessed greased bag of holding containing 107 items
  D - an empty uncursed oilskin sack
  Q - the uncursed Bell of Opening (0:2)
  q - an uncursed can of grease (0:23)
  M - the uncursed Candelabrum of Invocation (7 of 7 candles attached)
  m - an uncursed lock pick
  J - an uncursed magic marker (0:56)
  f - the uncursed Platinum Yendorian Express Card
  v - an uncursed stethoscope
  c - an uncursed wet towel
  z - a blessed +0 unicorn horn
 Comestibles  ('%')
  b - a blessed partly eaten chickatrice corpse (wielded)
  P - 2 uncursed lizard corpses
 Armor    ('[')
  H - a blessed +4 elven leather helm (being worn)
  s - an uncursed +4 pair of leather gloves (being worn)
  G - an uncursed +4 pair of speed boots (being worn)
  i - an uncursed +4 Hawaiian shirt with a tropical fish motif (being worn)
 Gems/Stones  ('*')
  C - the blessed Heart of Ahriman

Contents of the bag of holding:
  2897 gold pieces
  an uncursed amulet of flying
  an uncursed amulet of guarding
  an uncursed amulet of life saving
  an uncursed amulet of life saving
  an uncursed amulet of unchanging
  an uncursed wand of cold (0:2)
  an uncursed wand of cold (0:4)
  an uncursed wand of cold (0:2)
  an uncursed wand of cold (0:7)
  an uncursed wand of cold (0:7)
  an uncursed wand of cold (0:8)
  a cursed wand of cold (0:5)
  an uncursed wand of death (0:0)
  an uncursed wand of death (1:0)
  an uncursed wand of death (0:4)
  an uncursed wand of digging (0:5)
  an uncursed wand of digging (0:7)
  an uncursed wand of digging (0:4)
  an uncursed wand of digging (0:7)
  an uncursed wand of digging (0:0)
  an uncursed wand of enlightenment (0:10)
  an uncursed wand of enlightenment (0:10)
  an uncursed wand of fire (0:3)
  an uncursed wand of fire (0:7)
  an uncursed wand of light (0:14)
  an uncursed wand of lightning (0:3)
  an uncursed wand of lightning (0:5)
  an uncursed wand of lightning (0:3)
  an uncursed wand of lightning (0:5)
  an uncursed wand of polymorph (0:2)
  an uncursed wand of polymorph (0:2)
  an uncursed wand of sleep (0:4)
  an uncursed wand of speed monster (0:5)
  an uncursed wand of striking (0:3)
  an uncursed wand of striking (0:3)
  an uncursed wand of striking (0:1)
  an uncursed wand of teleportation (0:6)
  an uncursed wand of teleportation (0:7)
  an uncursed wand of teleportation (0:5)
  an uncursed wand of teleportation (0:7)
  an uncursed wand of teleportation (0:5)
  an uncursed wand of teleportation (0:3)
  an uncursed wand of teleportation (0:6)
  an uncursed wand of teleportation (0:8)
  an uncursed wand of teleportation (0:5)
  an uncursed wand of undead turning (0:2)
  a cursed ring of aggravate monster
  an uncursed ring of searching
  an uncursed +2 ring of gain constitution
  an uncursed ring of conflict
  an uncursed ring of fire resistance
  a blessed ring of free action
  an uncursed ring of free action
  an uncursed ring of free action
  an uncursed ring of levitation
  an uncursed ring of polymorph control
  an uncursed ring of polymorph control
  an uncursed ring of protection from shape changers
  an uncursed ring of regeneration
  an uncursed ring of shock resistance
  an uncursed ring of sustain ability
  an uncursed ring of teleport control
  an uncursed ring of teleport control
  an uncursed ring of teleport control
  5 uncursed tallow candles
  an uncursed magic lamp
  an uncursed can of grease (0:5)
  a blessed magic marker (1:17)
  a blessed magic marker (1:7)
  an uncursed magic marker (1:4)
  an uncursed magic whistle
  an uncursed magic whistle
  an uncursed tinning kit (0:79)
  an uncursed +0 unicorn horn
  4 blessed scrolls of blank paper
  an uncursed scroll of blank paper
  a blessed scroll of charging
  a blessed scroll of earth
  4 uncursed scrolls of enchant weapon
  a blessed scroll of gold detection
  a cursed scroll of teleportation
  an uncursed potion of oil
  5 potions of holy water
  2 potions of unholy water
  3 blessed potions of full healing
  2 blessed diluted potions of full healing
  an uncursed potion of full healing
  a blessed potion of monster detection
  an uncursed potion of monster detection
  2 uncursed potions of paralysis
  an uncursed potion of speed
  4 uncursed grapes
  an uncursed candy bar labeled "Nilla Crunchie"
  5 uncursed food rations
  9 uncursed K-rations
  an uncursed lembas wafer
  an uncursed tin of floating eye meat
  an uncursed egg
  2 uncursed lizard corpses
  an uncursed +0 alchemy smock with text "Don't mess with the chef"
  an uncursed +0 cloak of invisibility
  an uncursed +0 mummy wrapping
  a blessed +3 robe
  4 uncursed emeralds
  8 uncursed rubies
  a blessed luckstone

Jera the Barbarian's attributes:

Background:
 You were a Raider, a level 15 female human Barbarian.
 You were neutral, on a mission for Crom
 who was opposed by Mitra (lawful) and Set (chaotic).
 You were right-handed.
 You were in the endgame, on the Astral Plane.
 You entered the dungeon 33478 turns ago.
 There was a full moon in effect when your adventure ended.
 You had 217944 experience points, 102056 more were needed to attain level 16.

Basics:
 You had 0 out of 232 hit points.
 You had 34 out of 35 energy points (spell power).
 Your armor class was -14.
 Your wallet was empty, but
 you had 2897 zorkmids stashed away in your pack.
 Autopickup was on for '!' plus thrown, with exceptions.

Final Characteristics:
 Your strength was 18/11 (limit:18/100).
 Your dexterity was 17 (limit:18).
 Your constitution was 18 (limit:18).
 Your intelligence was 9 (limit:18).
 Your wisdom was 13 (limit:18).
 Your charisma was 8 (limit:18).

Final Status:
 You were terminally sick from illness.
 You weren't hungry.
 You were unencumbered.
 You were wielding a corpse.

Final Attributes:
 You were piously aligned.
 You were magic-protected.
 You were fire resistant.
 You were cold resistant.
 You were sleep resistant.
 You were shock resistant.
 You were poison resistant.
 You saw invisible.
 You were telepathic.
 You were sensing the presence of monsters.
 You were invisible to others.
 You were stealthy.
 You caused conflict.
 You had a small defense bonus (+5).
 You were warded.
 You took half spell damage.
 You were very fast.
 You had reflection.
 You had free action.
 You were extremely lucky.
 You had extra luck.
 Good luck did not time out for you.
 You are dead.

Miscellaneous:
 You encountered 1 bones level.
 Total elapsed playing time was 9 hours, 18 minutes and 28 seconds.

Major events:
 Turn
    1: Jera the neutral female human Barbarian entered the dungeon
  576: entered the Gnomish Mines
  808: attained the rank of Pillager (level 3)
 1542: reached Mine Town
 1860: attained the rank of Bandit (level 6)
 4959: entered Sokoban
 5168: completed 1st Sokoban level
 5463: completed 2nd Sokoban level
 5732: completed 3rd Sokoban level
 6595: completed 4th Sokoban level
 6746: acquired the Sokoban amulet of reflection
11494: acquired the Mines' End luckstone
11636: attained the rank of Brigand (level 10)
15299: was bestowed with Cleaver by Crom
16059: made her first wish - "blessed greased fixed +2 gray dragon scale mail", got "a greased gray dragon scale mail"
16069: performed her first genocide (disenchanters)
16126: entered the Bigroom
20542: entered Home 1, the Quest
21124: genocided class L
22245: genocided class h
24479: killed Medusa
24909: entered Gehennom
25590: attained the rank of Raider (level 14)
26062: Pelias has granted access to proceed deeper into the quest
26071: entered Home 2, the Quest
26256: entered Home 3, the Quest
26515: entered Home 4, the Quest
26711: entered Home 5, the Quest
26870: killed Thoth Amon
26872: found the Heart of Ahriman on the floor
26872: acquired the Bell of Opening
27672: wished for "blessed magic marker", got "a magic marker"
29035: found the Platinum Yendorian Express Card on the floor
29035: found Sunsword on the floor
29035: found Magicbane on the floor
29175: killed Asmodeus
29344: killed Juiblex
29469: found Vorpal Blade in a container
29853: bribed Baalzebub with 1300 zorkmids for safe passage
30076: killed Yeenoghu
30097: killed Orcus
30609: destroyed Vlad the Impaler
30609: acquired the Candelabrum of Invocation
30627: wished for "3 potions of gain ability", got "a potion of gain ability"
31555: killed the Wizard of Yendor
31555: acquired the Book of the Dead
31708: performed the invocation
31801: killed the high priestess of Moloch
31804: acquired The Amulet of Yendor
31804: wished for "magic marker", got "a magic marker"
31986: killed the Wizard of Yendor (2nd time)
32393: killed the Wizard of Yendor (3rd time)
32809: killed the Wizard of Yendor (5th time)
33328: entered the Elemental Planes
33328: entered Plane of Earth
33384: entered Plane of Air
33415: entered Plane of Fire
33424: entered Plane of Water
33460: entered the Astral Plane
33467: wished for "blessed partly eaten chickatrice corpse", got "a partly eaten chickatrice corpse"
33478: killed by Pestilence

Spells:
 Name                 Level Category     Fail Retention
 force bolt             1   attack        87%    (gone)
 restore ability        4   healing      100%    1%-25%
 jumping                1   escape        87%   26%-50%
 healing                1   healing       87%   26%-50%

Skills:
 Fighting Skills
   bare handed combat [Basic]
   two weapon combat  [Unskilled]
   riding             [Basic]
 Weapon Skills
   dagger             [Unskilled]
   axe                [Expert]
   pick-axe           [Unskilled]
   short sword        [Basic]
   broadsword         [Unskilled]
   long sword         [Unskilled]
   two-handed sword   [Unskilled]
   saber              [Unskilled]
   club               [Skilled]
   mace               [Unskilled]
   morning star       [Unskilled]
   flail              [Unskilled]
   hammer             [Unskilled]
   quarterstaff       [Unskilled]
   spear              [Unskilled]
   trident            [Unskilled]
   bow                [Unskilled]
 Spellcasting Skills
   attack spells      [Unskilled]
   escape spells      [Unskilled]

Voluntary challenges:
 Your character was rerolled thrice.
 You genocided 12 types of monsters.
 You never changed form.
 You used 5 wishes.
 You did not wish for any artifacts.
 You did not violate any of the special Sokoban rules.
Achievements:
 You entered the Gnomish Mines.
 You attained the rank of Pillager.
 You entered Minetown.
 You entered a shop.
 You entered a temple.
 You attained the rank of Bandit.
 You entered Sokoban.
 You completed Sokoban.
 You completed the Gnomish Mines.
 You attained the rank of Brigand.
 You entered the Big Room.
 You defeated Medusa.
 You entered Gehennom.
 You attained the rank of Raider.
 You had the Bell of Opening.
 You had the Candelabrum of Invocation.
 You handled the Book of the Dead.
 You gained access to Moloch's Sanctum.
 You had the Amulet of Yendor.
 You reached the Elemental Planes.
 You reached the Astral Plane.

 The Elemental Planes:
    Astral Plane: <- You were here.
       Final resting place for
          you, killed by Pestilence.
    Plane of Water:
    Plane of Fire:
    Plane of Air:
    Plane of Earth:
 The Dungeons of Doom: levels 1 to 25
    Level 1:
       A fountain.
       One way stairs up to The Elemental Planes.
    Level 2:
       A fountain.
       Stairs down to The Gnomish Mines.
    Level 3:
       A grave.
    Level 4:
       A tool shop.
    Level 5:
       A fountain.
    Level 6:
       A general store.
    Level 7:
       A general store, an altar to Crom.
    Level 8:
       Many fountains.
       Oracle of Delphi.
    Level 9:
       Stairs up to Sokoban, level 8.
    Level 10:
    Level 11:
       Some fountains.
    Level 12:
       Many fountains.
       A very big room.
    Level 13:
    Level 14:
       A fountain, a grave.
    Level 15:
       A primitive area.
       Portal to The Quest.
    Level 16:
       Many altars, a fountain.
    Level 17:
       A temple and an altar.
    Level 18:
       A sink, many graves.
    Level 19:
    Level 20:
       A grave.
    Level 21:
       A fountain, a grave.
    Level 22:
    Level 23:
       A fountain, a sink.
    Level 24:
       Many trees.
    Level 25:
       A fountain.
       Connection to Gehennom.
 Gehennom: levels 26 to 48
    Level 26:
       A temple and an altar, many graves.
       Valley of the Dead.
    Level 27:
    Level 28:
    Level 29:
       A grave.
       Final resting place for
          Nestorix-Tou-Hum-Fem-Neu, killed by a horned devil, while moving through the air.
    Level 30:
    Level 31:
       Some fountains.
    Level 32:
    Level 33:
       A temple and an altar.
    Level 34:
    Level 35:
       Some shops, an altar, many graves.
    Level 36:
    Level 37:
    Level 38:
       Stairs up to Vlad's Tower, level 37.
    Level 39:
    Level 40:
    Level 41:
    Level 42:
    Level 43:
    Level 44:
    Level 45:
    Level 46:
    Level 47:
    Level 48:
       A temple and an altar, many graves.
       Moloch's Sanctum.
 The Gnomish Mines: levels 3 to 10
    Level 3:
    Level 4:
    Level 5:
       Many shops, a temple and an altar, some fountains.
    Level 6:
    Level 7:
    Level 8:
    Level 9:
    Level 10:
 The Quest: levels 1 to 5
    Level 1:
       A throne, many trees.
       Completed quest for Pelias.
    Level 2:
    Level 3:
    Level 4:
    Level 5:
       An altar.
 Sokoban: levels 8 up to 5
    Level 5:
       Solved.
    Level 6:
       Solved.
    Level 7:
       Solved.
    Level 8:
       Solved.
 Vlad's Tower: levels 37 up to 35
    Level 35:
    Level 36:
    Level 37:


Vanquished creatures:
    Asmodeus
    Orcus
    Yeenoghu
    Juiblex
the Wizard of Yendor (7 times)
    Vlad the Impaler
  2 erinyes
  a high cleric
  4 mastodons
    Medusa
  3 krakens
  7 iron golems
  3 storm giants
  a balrog
    Thoth Amon
  4 purple worms
  a gray dragon
  3 gold dragons
  3 red dragons
  a white dragon
  4 orange dragons
  4 black dragons
  2 blue dragons
  3 green dragons
  4 yellow dragons
 17 minotaurs
  3 jabberwocks
  5 baluchitheria
  3 Angels
  a stone golem
  3 Olog-hai
  a Nazgul
  2 pit fiends
  a hell hound
  5 displacer beasts
  2 titanotheres
  3 trappers
  5 baby red dragons
  a baby green dragon
  2 guardian nagas
  4 genetic engineers
 23 vampire leaders
  7 skeletons
  8 aligned clerics
  a captain
  5 shades
  5 nurses
  5 ice devils
  7 nalfeshnees
 an Aleax
  a frost giant
  3 ettins
  2 golden nagas
  8 black puddings
 20 vampires
  5 lieutenants
 33 ghosts
  a queen bee
  2 winged gargoyles
  7 giant mimics
  2 long worms
  6 zruties
  5 fire giants
  5 ogre tyrants
  5 ice trolls
 31 rock trolls
 an umber hulk
  a flesh golem
  3 elven monarchs
  2 doppelgangers
  6 hezrous
 11 bone devils
  4 large mimics
  2 wumpuses
  3 fire vortices
  9 stalkers
  2 air elementals
  5 fire elementals
  5 earth elementals
  a water elemental
  a hill giant
  a giant mummy
  7 xorns
 16 giant zombies
  7 elf-nobles
 12 sergeants
  9 barbed devils
  7 vrocks
  a salamander
  4 wargs
  6 hell hound pups
  8 small mimics
  a glass piercer
  3 warhorses
  3 steam vortices
  7 xans
  7 ogre leaders
  4 quantum mechanics
 17 trolls
  a sasquatch
  7 wood golems
  3 mariliths
  4 sharks
  5 gelatinous cubes
  4 pyrolisks
  a freezing sphere
  4 flaming spheres
  4 shocking spheres
  5 large cats
  4 tigers
  5 gargoyles
  2 dwarf rulers
  4 tengu
  5 ochre jellies
  4 leocrottas
  2 energy vortices
  2 mountain centaurs
  2 stone giants
  3 elf mummies
  7 human mummies
  8 red nagas
  8 green slimes
  a python
  a pit viper
  4 cobras
 30 wraiths
  4 carnivorous apes
  9 ettin zombies
  9 Grey-elves
 47 soldiers
  2 watchmen
  8 amorous demons
 10 horned devils
  6 chameleons
  2 crocodiles
  5 giant beetles
  3 quivering blobs
 12 cockatrices
  5 wolves
  6 winter wolf cubs
  6 lynxes
  a panther
  4 gremlins
 46 leprechauns
  4 orc-captains
  5 iron piercers
  a mumak
 11 giant spiders
  2 scorpions
  a horse
  3 ice vortices
  6 black lights
  6 vampire bats
  3 forest centaurs
  5 gnome rulers
  2 orc mummies
  3 dwarf mummies
 62 ogres
  4 brown puddings
 10 rust monsters
  7 owlbears
  6 yetis
  2 gold golems
  3 werewolves
  5 Green-elves
  6 giant eels
  8 lizards
  3 chickatrices
  2 dingoes
  3 dogs
  2 housecats
  6 jaguars
  5 dwarf leaders
  5 blue jellies
  4 white unicorns
  a black unicorn
  8 dust vortices
 34 ravens
  3 plains centaurs
  a gnome mummy
  6 snakes
  2 apes
 16 human zombies
 10 Woodland-elves
 19 soldier ants
  2 fire ants
 14 bugbears
  2 imps
  3 quasits
  5 wood nymphs
  5 water nymphs
  3 mountain nymphs
 22 Mordor orcs
 11 Uruk-hai
  3 orc shamans
  8 rock piercers
  5 rock moles
  5 ponies
  5 fog clouds
  5 yellow lights
  2 shriekers
  6 violet fungi
 24 gnome leaders
 12 gnomish wizards
  5 kobold mummies
  a red naga hatchling
  7 gray oozes
  a barrow wight
 17 elf zombies
 10 ghouls
  2 straw golems
  3 paper golems
  a jellyfish
 10 giant ants
  9 floating eyes
  2 kittens
 18 dwarves
  3 homunculi
  2 kobold leaders
  2 kobold shamans
  5 hill orcs
 20 rothes
  4 rabid rats
  2 centipedes
  3 giant bats
  7 monkeys
 11 orc zombies
 20 dwarf zombies
  2 wererats
  a werejackal
  4 iguanas
 29 killer bees
  2 acid blobs
  5 coyotes
  2 gas spores
  8 hobbits
 22 manes
  a large kobold
 21 hobgoblins
 11 giant rats
 18 cave spiders
  4 brown molds
  2 yellow molds
  a green mold
  a red mold
 63 gnomes
  8 garter snakes
 17 gnome zombies
  6 geckos
  5 jackals
  3 foxes
  a kobold
  5 goblins
  4 sewer rats
 12 grid bugs
  7 bats
  8 lichens
 10 kobold zombies
 11 newts
1707 creatures vanquished.

Genocided or extinct species:
 erinyes (extinct)
 arch-liches
 master liches
 demiliches
 master mind flayers
 disenchanters
 liches
 mind flayers
 dwarf rulers
 dwarf leaders
 bugbears
 dwarves
 hobbits
12 species genocided.
1 species extinct.

Game over:
                       ----------
                      /          \
                     /    REST    \
                    /      IN      \
                   /     PEACE      \
                  /                  \
                  |       Jera       |
                  |     2897 Au      |
                  |    killed by     |
                  |    Pestilence    |
                  |                  |
                  |                  |
                  |       2026       |
                 *|     *  *  *      | *
        _________)/\\_//(\/(/\)/\//\/|_)_______

Goodbye Jera the Barbarian...

You died in The Astral Plane with 888028 points,
and 2897 pieces of gold, after 33478 moves.
You were level 15 with a maximum of 232 hit points when you died.

